 Dungeon Crawl Stone Soup version 0.31-a0-1005-gfbdfbacc72 (webtiles) character file.

Game seed: 16309851072190628199

93 kae the Vexing (level 4, -4/30 HPs)
             Began as a Demonspawn Enchanter on Nov 10, 2023.
             Killed by nerve-wracking pain
             ... invoked by Jessica
              (7 damage)
             ... on level 3 of the Dungeon.
             The game lasted 00:02:01 (2403 turns).

kae the Vexing (Demonspawn Enchanter)               Turns: 2403, Time: 00:02:01

Health: -4/30      AC:  3    Str: 10    XL:     4   Next: 36%
Magic:  5/7        EV: 12    Int: 16    God:
Gold:   164        SH:  0    Dex: 16    Spells: 2/7 levels left

rFire   . . .        a - +1 dagger
rCold   . . .        (no shield)
rNeg    . . .        b - +0 robe
rPois   .            (no helmet)
rElec   .            j - +0 cloak
rCorr   .            (no gloves)
SInv    .            (no boots)
Will    .....        (no amulet)
Stlth   +++          (no ring)
HPRegen 0.25/turn    (no ring)
MPRegen 0.10/turn

%: no passive effects
@: no status effects
A: claws 1, thin skeletal structure 1
a: no special abilities


You were on level 3 of the Dungeon.
You visited 1 branch of the dungeon, and saw 3 of its levels.

You collected 164 gold pieces.


Innate Abilities, Weirdness & Mutations

You have sharp fingernails.
You have a somewhat thin skeletal structure. (Dex +2, Stealth+)


   Skills:
 * Level 2.1 Short Blades
 - Level 1.7 Dodging
 + Level 3.0 Stealth
 + Level 2.3 Spellcasting
 * Level 3.7 Hexes
 * Level 1.4 Ice Magic


You had 2 spell levels left.
You knew the following spells:

 Your Spells              Type           Power      Damage    Failure   Level
a - Ensorcelled Hibernat  Hex/Ice        20%        N/A       11%         2
b - Confusing Touch       Hex            13%        N/A       13%         3

Your spell library contained the following spells:

 Spells                   Type           Power      Damage    Failure   Level
 Tukima's Dance           Hex            13%        N/A       13%         3
 Dazzling Flash           Conj/Hex       14%        N/A       28%         3
 Frozen Ramparts          Ice            12%        1d2       32%         3
 Metabolic Englaciation   Hex/Ice        5%         N/A       88%         5
 Petrify                  Tmut/Erth      1%         N/A       89%         4

Inventory:

Hand Weapons
 a - a +1 dagger (weapon)
Missiles
 e - 30 stones
Armour
 b - a +0 robe (worn)
 j - a +0 cloak (worn)
   (You found it on level 3 of the Dungeon)
Jewellery
 C - a ring of ice
   (You found it on level 2 of the Dungeon)
Wands
 g - a wand of digging (5)
   (You found it on level 2 of the Dungeon)
Scrolls
 f - a scroll of torment {!r}
 k - a scroll of identify {unknown}
Potions
 c - 2 potions of invisibility
 d - a potion of curing {@q1}
 h - a potion of degeneration {unknown}
 i - a potion of mutation {unknown}

Dungeon Overview and Level Annotations

Branches:
Dungeon (3/15) Zot: 15608

Altars:

Annotations:
D:3 Jessica

#...........# ###
#.####.#.##.# ##<###.#
#.#.##.#
#......####......#
'.........>.#.#..####
#.......##..#.......#
#.....####.####..#.##
#.....####.# #.)#.#
#.....'....####)@#.# ###
#.....###..@...r.#.###.#
#.....# #..............#
#########........#.###.#
##..##'##..#.###.##
##..##...##........#
#...#....!#...######
#...#.....#...#
#...#!....#...#


You could see Jessica and a quokka.


Message History

You puncture the worm!
You kill the worm!
No target in view!
No target in view!
No target in view!
A kobold comes into view.
It is wielding a +0 whip. 😎 HP[+4] MP[+2]
Your hp is fully restored (30).
You regained 2 mp, and now have 5/7 mp.
A kobold is nearby!
A hobgoblin comes into view.
The hobgoblin shouts!
The kobold shouts!
You hit the hobgoblin. The hobgoblin barely misses you.
You closely miss the hobgoblin. The hobgoblin closely misses you.
There are monsters nearby!
You hit the hobgoblin.
You kill the hobgoblin!
You closely miss the kobold. The kobold closely misses you. 😎 MP[+1]
A kobold is nearby!
You barely miss the kobold. The kobold hits you but does no damage.
You hit the kobold but do no damage. The kobold barely misses you.
A kobold is nearby!
You miss the kobold. The kobold misses you.
You hit the kobold.
The kobold hits you with a +0 whip. 😕 HP[-1]
You take 1 damage, and now have 29/30 hp.
A kobold is nearby!
You hit the kobold.
You kill the kobold!
No target in view!
You open the door.
There is an open door here.
You see here a +0 club.
You see here a worm corpse.
Found an escape hatch in the floor. 😎 HP[+1] MP[+1]
Your hp is fully restored (30).
Your mp is fully restored (7).
No target in view!
No target in view!
There is an open door here.
There is a stone staircase leading down here.
You open the door.
A quokka, Jessica and an endoplasm come into view.
Jessica is wielding a +2 dagger of venom.
Jessica shouts!
The endoplasm quivers.
There is an open door here.
The endoplasm freezes you.
You are frozen. 😕 HP[-5]
You take 5 damage, and now have 25/30 hp.
Jessica casts a spell at you. Pain shoots through your body!
There is an open door here. 😮 HP[-7]
You take 7 damage, and now have 18/30 hp.
MASSIVE DAMAGE!! (PAUSE)
The endoplasm attacks as it pursues you!
The endoplasm barely misses you.
Casting: Ensorcelled Hibernation (safe; 11% risk of failure)
Confirm with . or Enter, or press ? or * to list all spells.
Aiming: Ensorcelled Hibernation (safe; 11% risk of failure)
Press: ? - help, Shift-Dir - straight line, f - endoplasm
Aim: an endoplasm (chance to affect: 62%)
The endoplasm resists with significant effort.
The endoplasm hits you. 😮 HP[-2] MP[-2]
You take 2 damage, and now have 16/30 hp.
You lost 2 mp, and now have 5/7 mp.
You hit the endoplasm. The endoplasm barely misses you.
You hit the endoplasm.
The endoplasm barely misses you. 😮 HP[+1]
You are too injured to fight recklessly!
You are too injured to fight recklessly!
You barely miss the endoplasm.
Jessica casts a spell.
Jessica blinks!
The endoplasm freezes you.
You are frozen.
* * * LOW HITPOINT WARNING * * *
😨 HP[-4]
You take 4 damage, and now have 13/30 hp.
You hit the endoplasm. The endoplasm hits you.
* * * LOW HITPOINT WARNING * * *
😨 HP[-1]
You take 1 damage, and now have 12/30 hp.
You hit the endoplasm.
You kill the endoplasm!
Jessica gestures at you while chanting. Pain shoots through your body!
* * * LOW HITPOINT WARNING * * *
😱 HP[-9]
You take 9 damage, and now have 3/30 hp.
MASSIVE DAMAGE!! (PAUSE) Jessica gestures wildly while chanting.
Jessica blinks!
The quokka attacks as it pursues you! The quokka closely misses you.
Jessica points at you and mumbles some strange words.
Pain shoots through your body!
You die...

Skill      XL: |  1  2  3 |
---------------+----------+-----
Short Blades   | 1 2 |  2.1
Ice Magic      | 1 |  1.4
Stealth        | 3 |  3.0
Dodging        | |  1.7
Spellcasting   | |  2.3
Hexes          | |  3.7

Action                     |  1- 3 |  4- 6 || total
---------------------------+-------+-------++-------
  Melee: Dagger            |   152 |    33 ||   185
   Cast: Ensorcelled Hiber |    14 |     4 ||    18
    Use: Scroll            |     4 |       ||     4
         Potion            |     1 |       ||     1
   Stab: Sleeping          |    15 |     5 ||    20
 Armour: Robe              |    87 |    10 ||    97
  Dodge: Dodged            |   108 |    18 ||   126

Levels and vault maps discovered:
D:1:      scummos_arrival_simple_fountains, layout_basic
D:2:      cheibrodos_old_hovel, layout_basic, grunt_decor_arrowhead
D:3:      layout_basic, kennysheep_jessica_study

Notes
Turn   | Place    | Note
-------+----------+-------------------------------------------
     0 | D:1      | kae the Demonspawn Enchanter began the quest for the Orb.
     0 | D:1      | Reached XP level 1. HP: 13/13 MP: 3/3
     0 | D:1      | magus.rc [v1.11.3]
    42 | D:1      | Reached skill level 1 in Short Blades
   206 | D:1      | You pick up a book of Sloth and begin reading...
   206 | D:1      | You add the spells Frozen Ramparts, Petrify and Metabolic
                  | Englaciation to your library.
   289 | D:1      | Gained mutation: You have sharp fingernails. [demonic
                  | ancestry]
   289 | D:1      | Reached XP level 2. HP: 19/19 MP: 5/5
   292 | D:1      | Learned a level 2 spell: Ensorcelled Hibernation
   554 | D:1      | HP: 2/19 [jackal (3)]
   570 | D:1      | HP: 4/19 [jackal (1)]
  1208 | D:2      | Gained mutation: You have a somewhat thin skeletal
                  | structure. (Dex +2, Stealth+) [demonic ancestry]
  1208 | D:2      | Reached XP level 3. HP: 24/24 MP: 6/6
  1213 | D:2      | Learned a level 3 spell: Confusing Touch
  1842 | D:3      | Reached skill level 1 in Ice Magic
  1949 | D:3      | Reached skill level 2 in Short Blades
  1949 | D:3      | Reached skill level 3 in Stealth
  1949 | D:3      | Reached XP level 4. HP: 18/30 MP: 1/7
  2390 | D:3      | Noticed Jessica
  2401 | D:3      | HP: 3/30 [Jessica/nerve-wracking pain (10)]
  2403 | D:3      | Killed from afar by Jessica

Vanquished Creatures
  An orc priest (D:3)
  A worm (D:3)
  5 orcs
  4 endoplasms
  2 giant cockroaches
  8 goblins
  5 hobgoblins
  3 jackals (D:1)
  3 quokkas
  4 ball pythons
  2 bats
  A frilled lizard (D:3)
  6 kobolds
  3 rats
48 creatures vanquished.

Table legend:
 A = Non-vault XP
 B = Vault XP
 C = Vault XP percentage of total XP
 D = Non-vault monster count
 E = Vault monster count
 F = Vault count percentage of total count
                 A         B        C        D         E       F
            +---------+---------+-------+---------+---------+-------
      Total |     131 |       2 |   1.5 |      47 |       1 |   2.1
            +---------+---------+-------+---------+---------+-------
        D:1 |      25 |       0 |   0.0 |      15 |       0 |   0.0
        D:2 |      33 |       2 |   5.7 |      15 |       1 |   6.2
        D:3 |      73 |       0 |   0.0 |      17 |       0 |   0.0
            +---------+---------+-------+---------+---------+-------

Skill      XL: |  1  2  3 |
---------------+----------+-----
Short Blades   | 1 2 |  2.1
Ice Magic      | 1 |  1.4
Stealth        | 3 |  3.0
Dodging        | |  1.7
Spellcasting   | |  2.3
Hexes          | |  3.7

Action                     |  1- 3 |  4- 6 || total
---------------------------+-------+-------++-------
  Melee: Dagger            |   152 |    33 ||   185
   Cast: Ensorcelled Hiber |    14 |     4 ||    18
    Use: Scroll            |     4 |       ||     4
         Potion            |     1 |       ||     1
   Stab: Sleeping          |    15 |     5 ||    20
 Armour: Robe              |    87 |    10 ||    97
  Dodge: Dodged            |   108 |    18 ||   126

Illustrated notes

Table legend:
 A = Kills in this place as a percentage of kills in the entire game.
 B = Kills by you in this place as a percentage of kills by you in the entire game.
 C = Kills by friends in this place as a percentage of kills by friends in the entire game.
 D = Other kills in this place as a percentage of other kills in the entire game.
 E = Experience gained in this place as a percentage of experience gained in the entire game.
 F = Experience gained in this place divided by the number of levels of this place that you have seen.
                   A       B       C       D       E      F
               +-------+-------+-------+-------+-------+----------------------
         Total | 100.0 | 100.0 |   N/A |   N/A | 100.0 |  44.3
       Dungeon | 100.0 | 100.0 |   N/A |   N/A | 100.0 |  44.3
               +-------+-------+-------+-------+-------+----------------------

Table legend: (Time is in decaauts)
 A = Elapsed time spent in this place.
 B = Non-inter-level travel time spent in this place.
 C = Inter-level travel time spent in this place.
 D = Time resting spent in this place.
 E = Time spent auto-exploring this place.
 F = Levels seen in this place.
 G = Mean time per level.
                   A        B        C        D        E       F      G
               +--------+--------+--------+--------+--------+-----+--------+
         Total |   2390 |   2299 |     91 |    109 |   1752 |   3 |  796.7 |
       Dungeon |   2390 |   2299 |     91 |    109 |   1752 |   3 |  796.7 |
               +--------+--------+--------+--------+--------+-----+--------+

Top non-repeatable levels by time:
     D:2: 1044 daAuts
     D:1: 697 daAuts
     D:3: 648 daAuts
